 Dungeon Crawl Stone Soup version 0.31-a0-473-g61b50ae490 (webtiles) character file.

Game seed: 9463815007499362521

10076 MisterAzrael the Fighter (level 11, -12/87 HPs)
             Began as a Hill Orc Fighter on Aug 7, 2023.
             Was a Believer of Hepliaklqana.
             Shot with an arrow by a centaur warrior (22 damage)
             ... on level 13 of the Dungeon.
             The game lasted 00:20:20 (12003 turns).

MisterAzrael the Fighter (Hill Orc Fighter)        Turns: 12003, Time: 00:20:21

Health: -12/87     AC: 11    Str: 24    XL:     11   Next: 56%
Magic:  11/11      EV:  9    Int:  3    God:    Hepliaklqana [**....]
Gold:   644        SH:  5    Dex: 10    Spells: 10/10 levels left

rFire   . . .        a - +0 war axe (venom)
rCold   . . .        c - +0 buckler
rNeg    . . .        M - +3 scale mail "Ywkaj" {rElec rPois rCorr Int-5}
rPois   +            (helmet currently unavailable)
rElec   +            (cloak currently unavailable)
rCorr   +            (gloves currently unavailable)
SInv    .            (boots currently unavailable)
Will    +....        (no amulet) Stlth
                     r - ring of willpower
HPRegen 0.34/turn    (no ring)
MPRegen 0.12/turn

%: no passive effects
@: beast-form
A: beast (slay +5), reduced essence
a: Begin Untransformation, Renounce Religion, Recall Ancestor, Ancestor Identity


You were on level 13 of the Dungeon.
You worshipped Hepliaklqana.
Hepliaklqana was pleased with you.
You were a hulking beast.
You visited 2 branches of the dungeon, and saw 12 of its levels.
You also visited: Ossuary and Bailey.

You collected 644 gold pieces.

Inventory:

Hand Weapons
 a - a +0 war axe of venom (weapon)
 d - a +5 morningstar of freezing
 q - the +2 hammer of Tortfeasance {elec, rN+ Dex+3 Stlth+}
   (You found it on level 4 of the Dungeon)

   Dex:       It affects your dexterity (+3).
   rN:        It protects you from negative energy.
   Stlth:     It makes you more stealthy.
 t - a +1 scythe of venom
 B - a +3 heavy hand axe
 C - a +0 hand axe
Missiles
 f - 5 poisoned darts (quivered)
 h - a throwing net
 A - 8 curare-tipped darts
Armour
 b - a +0 scale mail
 c - a +0 buckler (worn)
 M - the +3 scale mail "Ywkaj" (worn) {rElec rPois rCorr Int-5}
   (You found it on level 10 of the Dungeon)

   Int:       It affects your intelligence (-5).
   rElec:     It insulates you from electricity.
   rPois:     It protects you from poison.
   rCorr:     It protects you from acid and corrosion.
Magical Staves
 L - a staff of conjuration
Jewellery
 r - a ring of willpower (left hand)
 J - a ring of magical power
Talismans
 g - a beast talisman (active)
Wands
 s - a wand of flame (51)
 w - a wand of charming (12)
 y - a wand of mindburst (9)
Scrolls
 j - 5 scrolls of revelation
 k - a scroll of silence
 m - 2 scrolls of fear
 o - 2 scrolls of enchant weapon
 p - a scroll of enchant armour
 u - 5 scrolls of fog
 x - 2 scrolls of poison
 D - 3 scrolls of teleportation
 N - a scroll of identify
Potions
 e - 2 potions of attraction {unknown}
 i - a potion of magic {unknown}
 l - 3 potions of enlightenment {unknown}
 n - a potion of lignification {unknown}
 z - 7 potions of mutation
 E - a potion of curing
 F - 2 potions of might
 G - 2 potions of haste {unknown}
 I - a potion of invisibility {unknown}
 K - a potion of cancellation {unknown}


   Skills:
 + Level 9.4 Fighting
 * Level 8.5(9.7) Axes
 - Level 5.9(7.5) Maces & Flails
 + Level 1.3 Throwing
 + Level 8.4 Armour
 + Level 8.4 Shields
 * Level 7.5 Shapeshifting


You had 10 spell levels left.
You didn't know any spells.
Your spell library contained the following spells:

 Spells                   Type           Power      Damage    Failure   Level
 Apportation              Tloc           0%         N/A       83%         1
 Magic Dart               Conj           0%         1d3       83%         1
 Necrotise                Necr           0%         1d4       83%         1
 Sandblast                Erth           0%         2d4       83%         1
 Summon Small Mammal      Summ           0%         N/A       83%         1
 Blink                    Tloc           0%         N/A       93%         2
 Lesser Beckoning         Tloc           0%         N/A       93%         2
 Momentum Strike          Conj/Tloc      0%         3d8       93%         2
 Passwall                 Tmut/Erth      0%         N/A       93%         2
 Searing Ray              Conj           0%         2d4       93%         2
 Dazzling Flash           Conj/Hex       0%         N/A       99%         3
 Stone Arrow              Conj/Erth      0%         3d7       99%         3
 Volatile Blastmotes      Fire/Tloc      0%         2d10      99%         3
 Fulminant Prism          Conj/Hex       0%         3d5       100%        4
 Manifold Assault         Tloc           0%         N/A       100%        4
 Starburst                Conj/Fire      0%         6d3       100%        6
 Maxwell's Capacitive Co  Air            0%         ∞         100%        8


Dungeon Overview and Level Annotations

Branches:
Dungeon (10/15)            Temple (1/1) D:6            Lair (0/5) D:8
Ossuary (visited)          Bailey (visited)
    Orc: D:9-12

Altars:
Ashenzari
Cheibriados
Dithmenos
Elyvilon
Fedhas
Gozag
Hepliaklqana
Kikubaaqudgha
Makhleb
Nemelex Xobeh
Okawaru
Qazlal
Ru
Sif Muna
Trog
Uskayaw
Vehumet
Wu Jian
Xom
Yredelemnul
Zin
The Shining One

Shops:
D:4 :   D:7 [   D:9 *

Annotations:
D:10 exclusion: 2 statues


Message History

Press: ? - help, Dir - move target, f - centaur
Aim: a centaur (ally target) Attack!
The centaur wields a +0 orcbow.
The centaur shoots an arrow.
The arrow hits you.
A centaur comes into view.
A centaur warrior comes into view.
The centaur wields a +0 shortbow.
The centaur shoots an arrow.
The arrow hits you!
You hear a shout!
The centaur warrior wields a +0 shortbow.
The centaur warrior shoots an arrow.
The arrow hits Polnareff!!
The centaur shoots an arrow.
The arrow hits Polnareff!
Polnareff casts a spell at the centaur.
The stone arrow hits the centaur!
An arrow appears from out of your range of vision.
The arrow barely misses Polnareff.
An arrow appears from out of your range of vision.
The arrow closely misses Polnareff.
The centaur warrior shoots an arrow.
The arrow hits you!
* * * LOW HITPOINT WARNING * * *
You completely miss the centaur warrior.
The centaur warrior unwields a +0 orcbow.
The centaur warrior hits you but does no damage.
The centaur warrior kicks you but does no damage.
The centaur shoots an arrow.
The arrow barely misses Polnareff.
The arrow hits you but does no damage.
The centaur warrior shoots an arrow.
The arrow hits Polnareff!
Polnareff is destroyed!
You hear a shout!
You slash the centaur warrior!
The centaur warrior is poisoned.
The centaur warrior is lightly wounded.
The centaur warrior shoots an arrow.
You block the arrow.
The centaur shoots an arrow.
The arrow hits you.
* * * LOW HITPOINT WARNING * * *
The centaur warrior hits you.
* * * LOW HITPOINT WARNING * * *
The centaur warrior completely misses you.
A centaur comes into view.
The centaur warrior shoots an arrow.
The arrow hits you!!
You die...

#.# #.#####.... #.#
#..........
########.#####..........
........................
........................
.....................#
.....................#
...............c.....#
#.....#+########h....##
'..#### #......# #..#
#......# #..# #.†....#
#..# #......# ...#
#......# ...# #.!....#
..c# #ccc...# #....#
#......#


You could see 2 centaur warriors and 2 centaurs.

Vanquished Creatures
  A boulder beetle (D:13)
  A two-headed ogre (D:9)
  Psyche (D:9)
  A hornet (D:6)
  Sigmund (D:4)
  Eustachio (D:6)
  11 yaks (D:6)
  5 humans (Bailey)
  A steam dragon (D:8)
  2 water moccasins
  2 orc warriors
  An ice beast (D:7)
  A black bear (D:7)
  2 centaurs
  10 bullfrogs
  2 gnoll sergeants
  A scorpion (D:6)
  4 wyvern zombies (Ossuary)
  2 water moccasin zombies (Ossuary)
  9 wights
  13 killer bees
  3 howler monkeys
  4 bullfrog zombies (Ossuary)
  3 orc priests (D:7)
  3 centaur zombies (Ossuary)
  4 hounds
  4 jellies
  Crazy Yiuf (D:4)
  3 orc wizards
  4 iguanas
  2 sleepcaps
  3 killer bee zombies (Ossuary)
  11 mummies (Ossuary)
  6 howler monkey zombies (Ossuary)
  10 gnolls
  A river rat (D:3)
  10 adders
  2 shadow imps
  A white imp (D:8)
  2 ufetubi
  2 worms (D:3)
  5 dart slugs
  11 orcs
  4 bats
  14 endoplasms
  8 giant cockroaches
  5 goblins
  10 hobgoblins
  4 kobolds
  4 quokkas
  8 ball pythons
  3 frilled lizards
  7 rats
234 creatures vanquished.

Vanquished Creatures (collateral kills)
  A wyvern (D:10)
  A wraith (D:9)
  An acid dragon (D:10)
  A hornet zombie (Ossuary)
  An ogre (D:8)
  3 wights (D:10)
  5 killer bees (D:9)
  2 bullfrog zombies (Ossuary)
  A howler monkey (D:8)
  An orc priest (D:9)
  4 orc wizards
  A sleepcap (D:8)
  2 mummies (Ossuary)
  2 gnolls (D:10)
  7 orcs
33 creatures vanquished.

Vanquished Creatures (others)
  2 ancestors
  3 battlemagi
5 creatures vanquished.

Grand Total: 272 creatures vanquished

Notes
Turn   | Place    | Note
-------+----------+-------------------------------------------
     0 | D:1      | MisterAzrael the Hill Orc Fighter began the quest for the
                  | Orb.
     0 | D:1      | Reached XP level 1. HP: 19/19 MP: 1/1
    75 | D:1      | Reached XP level 2. HP: 26/27 MP: 2/2
   321 | D:1      | Reached XP level 3. HP: 32/33 MP: 3/3
   325 | D:1      | Reached skill level 4 in Fighting
  1079 | D:2      | Reached XP level 4. HP: 38/40 MP: 4/4
  1319 | D:2      | Found a faded altar of an unknown god.
  1761 | D:3      | Reached skill level 1 in Shapeshifting
  2070 | D:3      | Reached XP level 5. HP: 46/46 MP: 5/5
  2549 | D:4      | Identified the +2 hammer of Tortfeasance {elec, rN+ Dex+3
                  | Stlth+}
  2553 | D:4      | Found a runed translucent door.
  2554 | D:4      | Noticed Crazy Yiuf
  2929 | D:4      | Noticed Sigmund
  2933 | D:4      | Killed Sigmund
  2934 | D:4      | Reached skill level 1 in Maces & Flails
  2934 | D:4      | Reached XP level 6. HP: 53/55 MP: 6/6
  3002 | D:4      | Reached skill level 5 in Fighting
  3066 | D:4      | Found Teoroner's Book Shoppe.
  3211 | D:4      | Reached XP level 7. HP: 57/61 MP: 7/7
  3336 | D:4      | Killed Crazy Yiuf
  3430 | D:5      | Entered Level 5 of the Dungeon
  3738 | D:5      | Reached skill level 5 in Armour
  4300 | D:6      | Reached skill level 5 in Shields
  4300 | D:6      | Reached XP level 8. HP: 38/70 MP: 8/8
  4481 | D:6      | Noticed Eustachio
  4503 | D:6      | Killed Eustachio
  4614 | D:6      | Found a staircase to the Ecumenical Temple.
  4690 | D:6      | Reached skill level 6 in Fighting
  4951 | D:6      | Noticed a hornet
  4962 | D:6      | Killed a hornet
  4989 | D:6      | Reached XP level 9. HP: 69/78 MP: 9/9
  5271 | D:6      | Reached skill level 7 in Fighting
  5275 | D:6      | Reached skill level 5 in Shapeshifting
  5530 | D:6      | Reached skill level 5 in Maces & Flails
  5543 | D:6      | Reached XP level 10. HP: 31/88 MP: 10/10
  5588 | Temple   | Entered the Ecumenical Temple
  5728 | Temple   | Became a worshipper of Hepliaklqana the Forgotten
  6076 | D:7      | Found a flagged portal.
  6088 | Bailey   | Entered a bailey
  6161 | Bailey   | Reached skill level 8 in Fighting
  6251 | Bailey   | Reached skill level 5 in Axes
  6935 | D:7      | Found Loots's Armour Boutique.
  7751 | D:7      | Reached * piety under Hepliaklqana
  8823 | D:8      | Found a sand-covered staircase.
  8838 | Ossuary  | Entered an ossuary
  9315 | Ossuary  | Reached XP level 11. HP: 77/85 MP: 11/11
  9625 | D:8      | Found a staircase to the Lair.
 10048 | D:8      | Reached skill level 9 in Fighting
 10113 | D:8      | Reached ** piety under Hepliaklqana
 10114 | D:8      | Remembered your ancestor Polnareff as a battlemage
 10344 | D:9      | Noticed Psyche
 10349 | D:9      | Killed Psyche
 10389 | D:9      | Found a snail-covered altar of Cheibriados.
 10390 | D:9      | Found an ancient bone altar of Kikubaaqudgha.
 10390 | D:9      | Found a glowing silver altar of Zin.
 10390 | D:9      | Found a blossoming altar of Fedhas.
 10422 | D:9      | Found Raghoo's Overcharged Wands.
 10825 | D:9      | Noticed a two-headed ogre
 10838 | D:9      | Killed a two-headed ogre
 11241 | D:10     | Entered Level 10 of the Dungeon
 11250 | D:10     | Identified the +3 scale mail "Ywkaj" {rElec rPois rCorr
                  | Int-5}
 11500 | D:10     | Reached skill level 1 in Throwing
 11642 | D:10     | Noticed an archer statue
 11642 | D:10     | Noticed an archer statue
 11920 | D:10     | You fall into a shaft and drop 3 floors!
 11931 | D:13     | Noticed a centaur warrior
 11953 | D:13     | Noticed a boulder beetle
 11974 | D:13     | Killed a boulder beetle
 11998 | D:13     | Noticed a centaur warrior
 12003 | D:13     | Shot with an arrow by a centaur warrior

Illustrated notes

Levels and vault maps discovered:
D:1:      dpeg_arrival_arbitrary_b, layout_basic, kennysheep_another_room
D:2:      layout_basic, nicolae_ecumenical_pavilion, minivault_25
D:3:      layout_basic, gup_sewer_entry_spiral
D:4:      layout_basic, serial_shops, nicolae_shop_behind_doors,
          uniq_crazy_yiuf_cottage, uniq_sigmund
D:5:      layout_cave_pools, grunt_decor_junction
D:6:      layout_cave_pods, temple_doors_e, uniq_eustachio
D:7:      layout_basic, enter_bailey_2, serial_shops, kennysheep_mini
D:8:      gammafunk_indiana_jones, layout_basic, enter_ossuary_1,
          serial_bayou_lagoon_a, grunt_ogre_cave, hangedman_decor_growths,
          minmay_misc_feat_five, chequers_serial_rivers_small_a
D:9:      layout_roguey, chequers_temple_overflow_statue_of_worship,
          nicolae_shop_overcharged_wands, uniq_psyche
D:10:     layout_loops_cross, minmay_dual_archer_statues
D:13:     layout_irregular_city
Temple:   dpeg_three_leaves_temple

Skill      XL: |  1  2  3  4  5  6  7  8  9 10 11 |
---------------+----------------------------------+-----
Axes           | 3 4 6 8 |  8.5
Fighting       | 4 5 6 7 8 9 |  9.4
Shapeshifting  | 1 2 3 4 5 6 7 |  7.5
Armour         | 4 5 6 7 8 |  8.4
Shields        | 4 5 6 7 8 |  8.4
Maces & Flails | 1 2 4 5 |  5.9
Throwing       | 1 |  1.3

Action                     |  1- 3 |  4- 6 |  7- 9 | 10-12 || total
---------------------------+-------+-------+-------+-------++-------
  Melee: War axe           |   105 |   114 |       |   107 ||   326
         Mace              |       |    40 |    81 |       ||   121
         Morningstar       |       |       |    58 |    28 ||    86
         Hand axe          |       |       |       |   223 ||   223
  Throw: Dart              |       |       |       |     3 ||     3
 Invoke: Ancestor Identity |       |       |       |     1 ||     1
         Recall Ancestor   |       |       |       |     1 ||     1
         Ancestor Life: Ba |       |       |       |     1 ||     1
  Evoke: Wand              |       |       |       |     4 ||     4
    Use: Scroll            |       |     2 |       |    15 ||    17
         Potion            |       |     1 |     6 |     8 ||    15
   Stab: Sleeping          |       |     1 |       |       ||     1
         Distracted        |       |       |       |     2 ||     2
 Armour: Scale mail        |    63 |    61 |    55 |   155 ||   334
  Dodge: Dodged            |    48 |    60 |    64 |   183 ||   355
  Block: Buckler           |    21 |    34 |    47 |   108 ||   210
   Form: Beast             |       |     1 |       |       ||     1

Table legend: (Time is in decaauts)
 A = Elapsed time spent in this place.
 B = Non-inter-level travel time spent in this place.
 C = Inter-level travel time spent in this place.
 D = Time resting spent in this place.
 E = Time spent auto-exploring this place.
 F = Levels seen in this place.
 G = Mean time per level.
                   A        B        C        D        E       F      G
               +--------+--------+--------+--------+--------+-----+--------+
         Total |  12291 |  11924 |    367 |   3173 |   6756 |  14 |  877.9 |
       Dungeon |  11290 |  10929 |    361 |   2964 |   6365 |  11 | 1026.4 |
        Temple |    149 |    144 |      5 |    122 |      0 |   1 |  149.0 |
       Ossuary |    655 |    655 |      0 |     59 |    338 |   1 |  655.0 |
        Bailey |    195 |    195 |      0 |     28 |     52 |   1 |  195.0 |
               +--------+--------+--------+--------+--------+-----+--------+

Top non-repeatable levels by time:
     D:7: 2353 daAuts
     D:6: 1660 daAuts
     D:8: 1184 daAuts
     D:3: 1002 daAuts
     D:2: 936 daAuts
     D:4: 930 daAuts
     D:9: 903 daAuts
     D:5: 870 daAuts
     D:1: 686 daAuts
    D:10: 680 daAuts
 Ossuary: 655 daAuts
  Bailey: 195 daAuts
  Temple: 149 daAuts
    D:13: 83 daAuts
